AoeStats
← DanriK

QS Arena

503165441Analyzed
3v3 RM · 1mo ago on Aug 30, 2026· 38m 53s· 6 players
Game mode
Random Map
Map size
Normal (6 player)
Population
200
Speed
Normal
Resources
Standard
Victory
Conquest
Starting age
Dark Age
Ending age
Imperial Age
RankedLock teamsTeams togetherTeam positionsShared explorationLock speedFull tech treeHidden civsTurbo modeCheats
Victory
Defeat
🇦🇷 Spanish · Argentina
1130
+14
🇨🇳 Franks · China
1130
+14
🇨🇳 Bohemians · China
1079
+16
🇷🇺 Celts · Russia
1090
-15
🇷🇺 Persians · Russia
1090
-15
🇩🇪 Franks · Germany
1075
-14
DanriK
5:00 Loom
10:23 Feudal Age
12:28 Double-Bit Axe
14:58 Castle Age
14:24 Wheelbarrow
15:13 Gold Mining
15:13 Stone Mining
19:46 Bow Saw
20:30 Gold Shaft Mining
20:54 Scale Barding Armor
21:00 Forging
23:52 Hand Cart
26:25 Husbandry
27:46 Murder Holes
33:20 Imperial Age
31:39 Ballistics
31:30 Masonry
30:57 Elite Skirmisher
33:29 Cavalier
36:43 Squires
VK
9:18 Feudal Age
7:59 Loom
10:29 Feudal Age
11:27 Horse Collar
11:35 Double-Bit Axe
16:04 Wheelbarrow
18:20 Castle Age
21:29 Bow Saw
21:43 Gold Mining
21:45 Stone Mining
22:23 Pikeman
24:47 Forging
25:37 Stone Shaft Mining
25:37 Gold Shaft Mining
28:36 Scale Mail Armor
29:59 Hand Cart
32:27 Fletching
33:16 Elite Skirmisher
38:25 Imperial Age
39:01 Ballistics
38:31 Onager
evtu1993
0:41 Loom
9:45 Feudal Age
13:57 Castle Age
12:41 Double-Bit Axe
16:40 Gold Mining
18:25 Horse Collar
19:15 Bow Saw
23:58 Imperial Age
23:42 Wheelbarrow
23:16 Heavy Plow
周三打老虎
7:51 Feudal Age
9:35 Loom
12:15 Castle Age
10:58 Stone Mining
10:54 Double-Bit Axe
11:10 Horse Collar
21:22 Bow Saw
23:59 Wheelbarrow
26:08 Bloodlines
26:29 Husbandry
31:22 Imperial Age
29:22 Guard Tower
30:05 Ballistics
33:21 Conscription
34:38 Two-Man Saw
34:27 Scale Barding Armor
34:33 Forging
34:54 Gold Mining
36:00 Chain Barding Armor
35:57 Guilds
36:26 Stone Shaft Mining
37:46 Elite Conquistador
39:27 Plate Barding Armor
showkingguang
8:31 Feudal Age
13:07 Castle Age
11:29 Double-Bit Axe
12:08 Loom
14:52 Wheelbarrow
14:03 Town Watch
14:40 Horse Collar
27:59 Imperial Age
26:05 Fortified Wall
26:16 Pikeman
26:56 Squires
27:44 Padded Archer Armor
27:36 Fletching
28:49 Chemistry
28:11 Wagenburg Tactics
29:03 Leather Archer Armor
29:18 Hand Cart
33:11 Ring Archer Armor
32:37 Bodkin Arrow
33:06 Ballistics
南极料理人
7:55 Feudal Age
9:11 Loom
13:09 Castle Age
11:13 Double-Bit Axe
14:05 Bow Saw
18:38 Gold Mining
24:26 Imperial Age
23:15 Wheelbarrow
23:15 Stone Mining
24:03 Gold Shaft Mining
23:45 Husbandry
24:31 Cavalier
25:33 Scale Barding Armor
26:03 Hand Cart
26:22 Paladin
29:39 Chivalry
30:30 Chain Barding Armor
30:23 Forging
Connection lost

Rejoining the realm…

Still unreachable

The connection could not be restored.

Session expired

The server has moved on; the page needs a fresh start.